SAAA
BLOOMINGTON LONGNECKS @ PAWNEE PARKSNREC
08/28/2024
 
TOP OF THE 1ST
Bloomington Longnecks batting - Pitching for Pawnee ParksNRec : RHP Denver Milne
Pitching: RHP Denver Milne
Batting: RHB Sergio Cortéz 0-0: Ground out 5-3 (Groundball, 56)
Batting: RHB Ethan Miller 0-0: Ball
1-0: Swinging Strike
1-1: Ball
2-1: Swinging Strike
2-2: Foul Ball, location: 2F
2-2: Strikes out swinging
Batting: RHB Darrell Terwey 0-0: Ball
1-0: Ball
2-0: Foul Ball, location: 2F
2-1: Foul Ball, location: 2F
2-2: Foul Ball, location: 2F
2-2: Ball
3-2: Ground out 6-3 (Groundball, 6S)
Top of the 1st over - 0 run(s), 0 hit(s), 0 error(s), 0 left on base; Bloomington 0 - Pawnee 0
BOTTOM OF THE 1ST
Pawnee ParksNRec batting - Pitching for Bloomington Longnecks : RHP Dustin Richmond
Pitching: RHP Dustin Richmond
Batting: RHB Mark Allen 0-0: Ball
1-0: Ball
2-0: Ball
3-0: Called Strike
3-1: Foul Ball, location: 2F
3-2: Ground out 6-3 (Groundball, 6)
Batting: RHB Ronald Hines 0-0: Called Strike
0-1: Foul Ball, location: 2F
0-2: Foul Ball, location: 2F
0-2: Strikes out looking
Batting: RHB Eldon McGillivour 0-0: Called Strike
0-1: Ball
1-1: Foul Ball, location: 2F
1-2: SINGLE (Line Drive, 4MD)
Batting: RHB Miguel Silva 0-0: Ball
1-0: Fielders Choice at 2nd, 6-4 (Groundball, 6)
Bottom of the 1st over - 0 run(s), 1 hit(s), 0 error(s), 0 left on base; Bloomington 0 - Pawnee 0
TOP OF THE 2ND
Bloomington Longnecks batting - Pitching for Pawnee ParksNRec : RHP Denver Milne
Batting: RHB Kyle Bridges 0-0: Swinging Strike
0-1: Ball
1-1: Foul Ball, location: 2F
1-2: Ball
2-2: Ball
3-2: Base on Balls
Batting: LHB Fernando González 0-0: SINGLE (Groundball, 56D)
Kyle Bridges to second
Batting: LHB Juan Hernández 0-0: Reached on error, E4 (Groundball, 4)
Kyle Bridges to third
Fernando González to second
Batting: RHB Steve Ladner 0-0: Foul Ball, location: 2F
0-1: Foul Ball, location: 2F
0-2: Strikes out looking
Batting: RHB Michael Hicks 0-0: Foul Ball, location: 2F
0-1: Ball
1-1: Ball
2-1: Ball
3-1: Base on Balls
Kyle Bridges scores
Fernando González to third
Juan Hernández to second
Batting: RHB Tom Potts 0-0: Ball
1-0: Swinging Strike
1-1: Ground out 3-1 (Groundball, 34S)
Fernando González scores
Juan Hernández to third
Michael Hicks to second
Batting: RHB Sergio Cortéz 0-0: DOUBLE (Groundball, 5L)
Juan Hernández scores
Michael Hicks scores
Batting: RHB Ethan Miller 0-0: Ball
1-0: Ball
2-0: Called Strike
2-1: Ball
3-1: SINGLE (Groundball, 6MD)
Sergio Cortéz to third
Runner from 3rd tries for Home, SAFE, no throw or cutoff
Batting: RHB Darrell Terwey 0-0: Ball
1-0: Foul Ball, location: 2F
1-1: Fly out, F8 (Flyball, 8LD)
Top of the 2nd over - 5 run(s), 3 hit(s), 1 error(s), 1 left on base; Bloomington 5 - Pawnee 0
BOTTOM OF THE 2ND
Pawnee ParksNRec batting - Pitching for Bloomington Longnecks : RHP Dustin Richmond
Batting: LHB Jorge Aicón 0-0: Ground out 4-3 (Groundball, 4)
Batting: RHB Roberto Maestas 0-0: Swinging Strike
0-1: Called Strike
0-2: Ball
1-2: SINGLE (Groundball, 56S) (infield hit)
Batting: RHB Hal Romaine 0-0: Called Strike
Roberto Maestas steals 2nd base
0-1: Foul Ball, location: 2F
0-2: Foul Ball, location: 2F
0-2: Ball
1-2: Ground out 4-3 (Groundball, 4)
Roberto Maestas to third
Batting: RHB Julián Salcido 0-0: Ball
1-0: Ball
2-0: Ball
3-0: DOUBLE (Flyball, 8LXD)
Roberto Maestas scores
Batting: SHB Júlio Camacho 0-0: Ball
1-0: Ball
2-0: Foul Ball, location: 2F
2-1: Fly out, F8 (Flyball, 8LD)
Bottom of the 2nd over - 1 run(s), 2 hit(s), 0 error(s), 1 left on base; Bloomington 5 - Pawnee 1
TOP OF THE 3RD
Bloomington Longnecks batting - Pitching for Pawnee ParksNRec : RHP Denver Milne
Batting: RHB Kyle Bridges 0-0: Foul Ball, location: 2F
0-1: Ball
1-1: Called Strike
1-2: Ball
2-2: Ball
3-2: Foul Ball, location: 2F
3-2: Base on Balls
Batting: LHB Fernando González 0-0: Called Strike
0-1: Ball
1-1: Foul Ball, location: 2F
1-2: Foul Ball, location: 2F
1-2: Ball
2-2: Foul Ball, location: 2F
2-2: Strikes out swinging
Batting: LHB Juan Hernández 0-0: Ball
1-0: Called Strike
1-1: Ball
2-1: Foul Ball, location: 2F
2-2: Strikes out swinging
Batting: RHB Steve Ladner 0-0: Ball
1-0: Ball
2-0: Foul Ball, location: 2F
2-1: Fly out, F7 (Flyball, 78S)
Top of the 3rd over - 0 run(s), 0 hit(s), 0 error(s), 1 left on base; Bloomington 5 - Pawnee 1
BOTTOM OF THE 3RD
Pawnee ParksNRec batting - Pitching for Bloomington Longnecks : RHP Dustin Richmond
Batting: RHB Mark Allen 0-0: Ball
1-0: Fly out, F8 (Popup, 8LS)
Batting: RHB Ronald Hines 0-0: Foul Ball, location: 2F
0-1: Foul Ball, location: 2F
0-2: Ball
1-2: Ball
2-2: Foul Ball, location: 2F
2-2: Foul Ball, location: 2F
2-2: Ball
3-2: Ground out 5-3 (Groundball, 5)
Batting: RHB Eldon McGillivour 0-0: Ball
1-0: Ball
2-0: SINGLE (Popup, 23)
Batting: RHB Miguel Silva 0-0: Ball
Wild Pitch!
Eldon McGillivour to second
1-0: Called Strike
1-1: Foul Ball, location: 2F
1-2: Ball
2-2: Ground out U3 (Groundball, 3S)
Bottom of the 3rd over - 0 run(s), 1 hit(s), 0 error(s), 1 left on base; Bloomington 5 - Pawnee 1
TOP OF THE 4TH
Bloomington Longnecks batting - Pitching for Pawnee ParksNRec : RHP Denver Milne
Batting: RHB Michael Hicks 0-0: Called Strike
0-1: Fly out, F7 (Line Drive, 78S)
Batting: RHB Tom Potts 0-0: Ball
1-0: Ball
2-0: Foul Ball, location: 2F
2-1: Ball
3-1: Foul Ball, location: 2F
3-2: Base on Balls
Batting: RHB Sergio Cortéz 0-0: Fly out, F9 (Flyball, 89S)
Batting: RHB Ethan Miller 0-0: Called Strike
0-1: Ball
1-1: Called Strike
1-2: Fly out, F8 (Flyball, 8LM)
Top of the 4th over - 0 run(s), 0 hit(s), 0 error(s), 1 left on base; Bloomington 5 - Pawnee 1
BOTTOM OF THE 4TH
Pawnee ParksNRec batting - Pitching for Bloomington Longnecks : RHP Dustin Richmond
Batting: LHB Jorge Aicón 0-0: Ball
1-0: Called Strike
1-1: Swinging Strike
1-2: Foul Ball, location: 2F
1-2: Strikes out swinging
Batting: RHB Roberto Maestas 0-0: Reached on error, E5 (Groundball, 5)
Batting: RHB Hal Romaine 0-0: Called Strike
0-1: Fielders Choice at 2nd, 6-4 (Groundball, 6M)
Batting: RHB Julián Salcido 0-0: Called Strike
0-1: Ball
1-1: TRIPLE (Line Drive, 8RM)
Hal Romaine scores
Batting: SHB Júlio Camacho 0-0: Ball
1-0: Ground out 4-3 (Groundball, 4)
Bottom of the 4th over - 1 run(s), 1 hit(s), 1 error(s), 1 left on base; Bloomington 5 - Pawnee 2
TOP OF THE 5TH
Bloomington Longnecks batting - Pitching for Pawnee ParksNRec : RHP Denver Milne
Batting: RHB Darrell Terwey 0-0: Ball
1-0: Foul Ball, location: 2F
1-1: Foul Ball, location: 2F
1-2: SINGLE (Groundball, 6MD)
Batting: RHB Kyle Bridges 0-0: Reached on error, E5 (Groundball, 56)
Darrell Terwey to second
Batting: LHB Fernando González 0-0: Called Strike
0-1: Called Strike
0-2: Fly out, F8 (Line Drive, 8RD)
Runner from 2nd tags up, SAFE at 3rd, no throw
Batting: LHB Juan Hernández 0-0: TRIPLE (Line Drive, 89M)
Darrell Terwey scores
Kyle Bridges scores
Pitching: RHP Ben Quinn
Batting: RHB Steve Ladner 0-0: Called Strike
0-1: Ball
1-1: Called Strike
1-2: Strikes out looking
Batting: RHB Michael Hicks 0-0: Ball
1-0: Foul Ball, location: 2F
1-1: Ball
2-1: Called Strike
2-2: Ball
3-2: Strikes out swinging
Top of the 5th over - 2 run(s), 2 hit(s), 1 error(s), 1 left on base; Bloomington 7 - Pawnee 2
BOTTOM OF THE 5TH
Pawnee ParksNRec batting - Pitching for Bloomington Longnecks : RHP Dustin Richmond
Batting: RHB Mark Allen 0-0: Ball
1-0: Ball
2-0: Called Strike
2-1: Ball
3-1: Base on Balls
Batting: RHB Ronald Hines 0-0: Ball
Wild Pitch!
Mark Allen to second
1-0: Ball
2-0: Ball
3-0: Called Strike
3-1: SINGLE (Groundball, 4MD)
Mark Allen to third
Batting: RHB Eldon McGillivour 0-0: Ball
1-0: Ball
2-0: Foul Ball, location: 2F
2-1: Ball
3-1: Called Strike
3-2: Grounds into double play, 6-4-3 (Groundball, 6)
Mark Allen scores
Batting: RHB Miguel Silva 0-0: Ball
1-0: Ball
2-0: Ball
3-0: Base on Balls
Batting: LHB Jorge Aicón 0-0: Called Strike
0-1: Ball
1-1: Fielders Choice at 2nd, 6-4 (Groundball, 6MS)
Bottom of the 5th over - 1 run(s), 1 hit(s), 0 error(s), 0 left on base; Bloomington 7 - Pawnee 3
TOP OF THE 6TH
Bloomington Longnecks batting - Pitching for Pawnee ParksNRec : RHP Ben Quinn
Batting: RHB Tom Potts 0-0: Foul Ball, location: 2F
0-1: Foul Ball, location: 2F
0-2: Ball
1-2: Ball
2-2: Strikes out looking
Batting: RHB Sergio Cortéz 0-0: Ball
1-0: Called Strike
1-1: Swinging Strike
1-2: Ball
2-2: Strikes out swinging
Batting: RHB Ethan Miller 0-0: Fly out, F5 (Line Drive, 5)
Top of the 6th over - 0 run(s), 0 hit(s), 0 error(s), 0 left on base; Bloomington 7 - Pawnee 3
BOTTOM OF THE 6TH
Pawnee ParksNRec batting - Pitching for Bloomington Longnecks : RHP Dustin Richmond
Batting: RHB Roberto Maestas 0-0: Ball
1-0: Called Strike
1-1: Swinging Strike
1-2: DOUBLE (Line Drive, 78M)
Batting: RHB Hal Romaine 0-0: Called Strike
0-1: Ground out 4-3 (Groundball, 4)
Roberto Maestas to third
Batting: RHB Julián Salcido 0-0: Ball
1-0: Called Strike
1-1: Ball
2-1: Foul Ball, location: 2F
2-2: Foul Ball, location: 2F
2-2: Fly out, F6 (Line Drive, 6)
Pitching: RHP Jim Unknown
Batting: SHB Júlio Camacho 0-0: Ball
1-0: Ball
2-0: Ball
3-0: Called Strike
3-1: Foul Ball, location: 2F
3-2: Base on Balls
Batting: RHB Mark Allen 0-0: Called Strike
0-1: Ball
1-1: Fly out, F4 (Popup, 8RS)
Bottom of the 6th over - 0 run(s), 1 hit(s), 0 error(s), 2 left on base; Bloomington 7 - Pawnee 3
TOP OF THE 7TH
Bloomington Longnecks batting - Pitching for Pawnee ParksNRec : RHP Ben Quinn
Batting: RHB Darrell Terwey 0-0: Ball
1-0: Called Strike
1-1: Ball
2-1: Foul Ball, location: 2F
2-2: Ball
3-2: Strikes out looking
Batting: RHB Kyle Bridges 0-0: Ball
1-0: Called Strike
1-1: Foul Ball, location: 2F
1-2: Foul Ball, location: 2F
1-2: Fly out, F8 (Popup, 4MD)
Batting: LHB Fernando González 0-0: Ball
1-0: Called Strike
1-1: Called Strike
1-2: Strikes out looking
Top of the 7th over - 0 run(s), 0 hit(s), 0 error(s), 0 left on base; Bloomington 7 - Pawnee 3
BOTTOM OF THE 7TH
Pawnee ParksNRec batting - Pitching for Bloomington Longnecks : RHP Jim Unknown
Batting: RHB Ronald Hines 0-0: Ball
1-0: Foul Ball, location: 2F
1-1: Ball
2-1: Ball
3-1: Base on Balls
Batting: RHB Eldon McGillivour 0-0: Foul Ball, location: 2F
0-1: Foul Ball, location: 2F
0-2: DOUBLE (Line Drive, 7LS)
Ronald Hines to third
Batting: RHB Miguel Silva 0-0: Called Strike
0-1: Foul Ball, location: 2F
0-2: Ball
1-2: Ground out 6-3 (Groundball, 6)
Ronald Hines scores
Batting: LHB Jorge Aicón 0-0: Swinging Strike
0-1: Ball
1-1: Foul Ball, location: 2F
1-2: Ground out 6-3 (Groundball, 6)
Batting: RHB Roberto Maestas 0-0: Ground out 6-3 (Groundball, 6)
Bottom of the 7th over - 1 run(s), 1 hit(s), 0 error(s), 1 left on base; Bloomington 7 - Pawnee 4
TOP OF THE 8TH
Bloomington Longnecks batting - Pitching for Pawnee ParksNRec : RHP Ben Quinn
Batting: LHB Juan Hernández 0-0: Called Strike
0-1: Called Strike
0-2: Ball
1-2: Ground out 6-3 (Groundball, 6)
Batting: RHB Steve Ladner 0-0: Called Strike
0-1: DOUBLE (Line Drive, 5L)
Batting: RHB Michael Hicks 0-0: Ball
1-0: SINGLE (Flyball, 8LS)
Steve Ladner to third
Runner from 3rd tries for Home, SAFE, no throw or cutoff
Batting: RHB Tom Potts 0-0: Foul Ball, location: 2F
0-1: Ball
1-1: Foul Ball, location: 2F
1-2: Strikes out swinging
Batting: RHB Sergio Cortéz 0-0: Foul Ball, location: 2F
0-1: Foul Ball, location: 2F
0-2: Ball
1-2: Fly out, F9 (Flyball, 89S)
Top of the 8th over - 1 run(s), 2 hit(s), 0 error(s), 1 left on base; Bloomington 8 - Pawnee 4
BOTTOM OF THE 8TH
Pawnee ParksNRec batting - Pitching for Bloomington Longnecks : RHP Jim Unknown
Batting: RHB Hal Romaine 0-0: Swinging Strike
0-1: Fly out, F9 (Flyball, 9LM)
Batting: RHB Julián Salcido 0-0: Ball
1-0: Ball
2-0: Ball
3-0: Called Strike
3-1: Called Strike
3-2: Strikes out looking
Batting: SHB Júlio Camacho 0-0: Ball
1-0: Ball
2-0: Foul Ball, location: 2F
2-1: Fly out, F7 (Flyball, 78S)
Bottom of the 8th over - 0 run(s), 0 hit(s), 0 error(s), 0 left on base; Bloomington 8 - Pawnee 4
TOP OF THE 9TH
Bloomington Longnecks batting - Pitching for Pawnee ParksNRec : RHP Ben Quinn
Pitching: RHP Jim Unknown
Batting: RHB Ethan Miller 0-0: Fly out, F9 (Flyball, 9S)
Batting: RHB Darrell Terwey 0-0: Called Strike
0-1: Ball
1-1: Called Strike
1-2: Strikes out swinging
Batting: RHB Kyle Bridges 0-0: SINGLE (Line Drive, 7S)
Batting: LHB Fernando González 0-0: Ball
1-0: Called Strike
1-1: Ball
2-1: Ball
3-1: Swinging Strike
3-2: SINGLE (Groundball, 34)
Kyle Bridges to second
Kyle Bridges to third
Batting: LHB Juan Hernández 0-0: Foul Ball, location: 2F
0-1: Called Strike
0-2: Ball
1-2: Ball
2-2: Strikes out swinging
Top of the 9th over - 0 run(s), 2 hit(s), 0 error(s), 2 left on base; Bloomington 8 - Pawnee 4
BOTTOM OF THE 9TH
Pawnee ParksNRec batting - Pitching for Bloomington Longnecks : RHP Jim Unknown
Pitching: RHP Jim Unknown
Batting: RHB Mark Allen 0-0: Called Strike
0-1: Ball
1-1: Called Strike
1-2: Foul Ball, location: 2F
1-2: Strikes out swinging
Batting: RHB Ronald Hines 0-0: Called Strike
0-1: Ball
1-1: Called Strike
1-2: Foul Ball, location: 2F
1-2: Foul Ball, location: 2F
1-2: Foul Ball, location: 2F
1-2: Fly out, F9 (Flyball, 89M)
Batting: RHB Eldon McGillivour 0-0: Ball
1-0: Ball
2-0: Ball
3-0: Called Strike
3-1: Swinging Strike
3-2: Base on Balls
Batting: RHB Miguel Silva 0-0: Ball
1-0: 2-RUN HOME RUN (Flyball, 7D), Distance : 402 ft
Batting: LHB Jorge Aicón 0-0: Foul Ball, location: 2F
0-1: Ball
1-1: Fly out, F7 (Flyball, 78S)
Bottom of the 9th over - 2 run(s), 1 hit(s), 0 error(s), 0 left on base; Bloomington 8 - Pawnee 6
This league is powered by Out of the Park Baseball, the baseball management simulation game for PC, Mac and Linux
Monday, October 3rd, 2016 - OOTP Baseball 16.9 Build 39